 Dungeon Crawl Stone Soup version 0.21.1-1-g345015f (webtiles) character file.

1185 letownia2 the Spear-Bearer (level 8, -1/58 HPs)
             Began as a Merfolk Berserker on Feb 13, 2018.
             Was a Believer of Trog.
             Slain by a hog (13 damage)
             ... on level 7 of the Dungeon.
             The game lasted 00:06:50 (1130 turns).

letownia2 the Spear-Bearer (Merfolk Berserker)      Turns: 1130, Time: 00:06:50

Health: -1/58      AC:  3    Str: 18    XL:     8   Next: 42%
Magic:  8/8        EV: 15    Int:  6    God:    Trog [**....]
Gold:   97         SH:  0    Dex: 15    Spells: 7/7 levels left

rFire    . . .     SeeInvis .   a - +0 spear
rCold    . . .     Gourm    .   (no shield)
rNeg     . . .     Faith    .   q - +0 leather armour
rPois    .         Spirit   .   (no helmet)
rElec    .         Reflect  .   (no cloak)
rCorr    .         Harm     .   (no gloves)
MR       ++...                  (no boots)
Stlth    +.........             (no amulet)
HPRegen  1.19/turn              (no ring)
MPRegen  0.11/turn              (no ring)

@: regenerating
A: change form in water, swift swim, stealthy swim
a: Berserk, Trog's Hand, Burn Spellbooks, Renounce Religion


You were on level 7 of the Dungeon.
You worshipped Trog.
Trog was pleased with you.
You were not hungry.

You visited 1 branch of the dungeon, and saw 7 of its levels.

You collected 97 gold pieces.

Inventory:

Hand Weapons
 a - a +0 spear (weapon)
 h - a +0 halberd
 i - a +3 war axe of chopping
Armour
 b - a +0 animal skin
 j - a +1 robe of magic resistance
 o - a +0 chain mail
 q - a +0 leather armour (worn)
Wands
 n - a wand of flame (25)
Scrolls
 d - a scroll of fog {unknown}
 e - 2 scrolls of magic mapping {unknown}
 f - 3 scrolls of teleportation {unknown}
 k - 4 scrolls of identify {unknown}
 m - a scroll of enchant armour {unknown}
 p - a scroll of enchant weapon {unknown}
Potions
 l - a potion of cancellation {unknown}
Books
 r - a book of Cantrips

   Spells                             Type                      Level
   a - Confusing Touch                Hexes                        1
   b - Animate Skeleton               Necromancy                   1
   c - Summon Small Mammal            Summoning                    1
   d - Apportation                    Translocation                1
   Trog disapproves of the use of such an item.
Comestibles
 c - 5 rations
 g - 4 chunks of flesh


   Skills:
 - Level 3.2 Fighting
 + Level 11.6 Polearms
 + Level 3.5 Armour
 - Level 6.0 Dodging


You had 7 spell levels left.
You didn't know any spells.

Dungeon Overview and Level Annotations

Branches:
Dungeon (7/15)
 Temple: D:4-7

Altars:
Sif Muna

Annotations:
D:4 Pikel


Message History

The yak bellows!
The hog squeals angrily.
Found 2 rations.
There is an open door here.
Unknown command.
There is an open door here.
The hog bites you!
Your skin crawls.
You feel resistant to hostile enchantments.
You feel somewhat more hungry. The hog bites you!
* * * LOW HITPOINT WARNING * * *
The hog bites you.
* * * LOW HITPOINT WARNING * * *
Unknown command.
Unknown command.
The hog barely misses you.
Unknown command.
Unknown command.
Unknown command.
The hog bites you!
You die...

#..# #######..#
#%%...Y..#
#%.h..#.##
###'###h###
#.hY..#...#
#.....#.#.#
#######.#.#########
#.....>.h.hh@...#
#.##...(#######.#
#.......# #<#
####...## #รท#
##.## #.# #.# #.#
#.# #.# ##+# #.#
##...### #.#


You could see 3 hogs.

Vanquished Creatures
  An oklob plant (D:7)
  A hippogriff (D:7)
  The ghost of Monsterracer the Digger, an amateur OpEE of Vehumet (D:4)
  Blork the orc (D:4)
  A bullfrog (D:7)
  A scorpion (D:4)
  A howler monkey (D:4)
  A crimson imp (D:5)
  A bullfrog zombie (D:5)
  An orc priest (D:6)
  An orc wizard (D:6)
  An iguana (D:5)
  2 worker ants (D:4)
  Natasha (D:4)
  A worker ant zombie (D:5)
  An adder (D:5)
  3 gnolls (D:4)
  A worm (D:2)
  3 orcs (D:6)
  3 giant cockroaches
  A goblin (D:1)
  A hobgoblin (D:2)
  4 jackals (D:4)
  A kobold (D:2)
  3 bats
  A frilled lizard (D:2)
  A leopard gecko skeleton (D:5)
  2 quokka skeletons
  3 rats
44 creatures vanquished.

Notes
Turn   | Place    | Note
-------+----------+-------------------------------------------
     0 | D:1      | letownia2 the Merfolk Berserker began the quest for the Orb.
     0 | D:1      | Reached XP level 1. HP: 18/18 MP: 1/1
    89 | D:2      | Reached XP level 2. HP: 21/24 MP: 2/2
   208 | D:2      | Reached skill level 5 in Polearms
   263 | D:4      | Noticed a scorpion
   266 | D:4      | Reached XP level 3. HP: 29/29 MP: 3/3
   271 | D:4      | Noticed Monsterracer's ghost (amateur OpEE)
   271 | D:4      | Killed a scorpion
   271 | D:4      | Reached skill level 6 in Polearms
   271 | D:4      | Reached XP level 4. HP: 35/35 MP: 4/4
   306 | D:4      | Killed Monsterracer's ghost
   306 | D:4      | Reached skill level 7 in Polearms
   306 | D:4      | Reached skill level 5 in Dodging
   306 | D:4      | Reached XP level 5. HP: 23/41 MP: 5/5
   415 | D:4      | Noticed Natasha
   422 | D:4      | Reached ** piety under Trog
   430 | D:4      | Killed Natasha
   430 | D:4      | Reached XP level 6. HP: 44/47 MP: 6/6
   459 | D:4      | Noticed Blork the orc
   473 | D:4      | Killed Blork the orc
   473 | D:4      | Reached skill level 8 in Polearms
   561 | D:4      | Reached skill level 9 in Polearms
   650 | D:5      | Entered Level 5 of the Dungeon
   666 | D:5      | Reached XP level 7. HP: 42/52 MP: 7/7
   723 | D:4      | Noticed Pikel
   871 | D:6      | Reached skill level 10 in Polearms
   980 | D:7      | Noticed a hippogriff
   998 | D:7      | Killed a hippogriff
  1022 | D:7      | Found a deep blue altar of Sif Muna.
  1022 | D:7      | Noticed an oklob plant
  1066 | D:7      | Killed an oklob plant
  1066 | D:7      | Reached skill level 11 in Polearms
  1066 | D:7      | Reached XP level 8. HP: 37/58 MP: 8/8
  1117 | D:7      | Noticed a yak
  1130 | D:7      | Slain by a hog

Skill      XL: |  1  2  3  4  5  6  7 |
---------------+----------------------+-----
Dodging        | 3 4 5 6 |  6.0
Polearms       | 5 6 7 9 11 | 11.6
Armour         | 3 |  3.5
Fighting       | |  3.2

Action                   |  1- 3 |  4- 6 |  7- 9 || total
-------------------------+-------+-------+-------++-------
Melee: Spear             |    63 |    69 |    78 ||   210
       Halberd           |       |     8 |       ||     8
Invok: Berserk           |     1 |     4 |     3 ||     8
       Trog's Hand       |       |     1 |     1 ||     2
 Stab: Sleeping          |     1 |       |       ||     1
  Eat: Chunk             |       |     3 |     6 ||     9
Armor: Animal skin       |     3 |       |       ||     3
       Robe              |       |     2 |     4 ||     6
       Leather armour    |       |       |     2 ||     2
Dodge: Dodged            |    21 |    38 |    26 ||    85
